 Dungeon Crawl Stone Soup version 0.31-a0-466-g98c9adc2b6 (webtiles) character file.

Game seed: 13564754513885810458

815 LeprechaunX the Changeling (level 7, -2/48 HPs)
             Began as an Octopode Shapeshifter on Aug 6, 2023.
             Slain by an orc
             ... wielding a +0 trident
              (6 damage)
             ... on level 5 of the Dungeon.
             The game lasted 00:05:25 (4857 turns).

LeprechaunX the Changeling (Octopode Shapeshifter)  Turns: 4857, Time: 00:05:25

Health: -2/48      AC:  1    Str: 17    XL:     7   Next: 94%
Magic:  7/7        EV: 14    Int: 10    God:
Gold:   253        SH:  0    Dex: 12    Spells: 6/6 levels left

rFire   . .          .
                       - Unarmed
rCold   . . .        (no shield)
rNeg    + . .        (helmet currently unavailable)
rPois   .            (no amulet)
rElec   .            d - ring of positive energy
rCorr   .            (no ring)
SInv    .            (no ring)
Will    .....        (no ring)
Stlth   ++           (no ring)
HPRegen 0.28/turn    (no ring)
MPRegen 0.10/turn    (no ring)
                     (no ring)

%: no passive effects
@: beast-form
A: beast (slay +3), almost no armour, amphibious, 8 rings, camouflage 1,
gelatinous body 1, (nimble swimmer 1), tentacles
a: Begin Untransformation


You were on level 5 of the Dungeon.
You were a hulking beast.
You visited 1 branch of the dungeon, and saw 5 of its levels.

You collected 253 gold pieces.

Inventory:

Hand Weapons
 a - a +0 shortbow
Jewellery
 d - a ring of positive energy (left tentacle)
 x - an amulet of faith
Talismans
 b - a beast talisman (active)
 r - a blade talisman
Wands
 s - a wand of flame (22) (quivered)
Scrolls
 f - 4 scrolls of identify {unknown}
 g - 2 scrolls of enchant weapon {unknown}
 i - 2 scrolls of teleportation {unknown}
 j - a scroll of enchant armour {unknown}
 n - 2 scrolls of amnesia {unknown}
 o - 5 scrolls of fog {unknown}
 t - 3 scrolls of brand weapon {unknown}
 u - a scroll of noise {unknown}
 v - a scroll of immolation {unknown}
Potions
 c - a potion of invisibility {unknown}
 e - 2 potions of magic {unknown}
 h - 4 potions of heal wounds {unknown}
 k - a potion of lignification
 l - a potion of haste {unknown}
 m - a potion of might {unknown}
 p - a potion of brilliance {unknown}
 q - 2 potions of curing {unknown}
 w - a potion of mutation {unknown}


   Skills:
 - Level 4.0 Fighting
 - Level 4.0 Dodging
 - Level 5.0 Unarmed Combat
 + Level 5.4 Shapeshifting


You had 6 spell levels left.
You didn't know any spells.
Your spell library was empty.

Dungeon Overview and Level Annotations

Branches:
Dungeon (5/15)
 Temple: D:4-7

Altars:


Innate Abilities, Weirdness & Mutations

You are a hulking beast.
Your limbs bulge with bestial killing power. (Slay +3)
You cannot wear most types of armour.
You are amphibious.
You can wear up to eight rings at the same time.
Your skin changes colour to match your surroundings (Stealth+).
Your rubbery body absorbs attacks. (AC +1, EV +1)
((You are camouflaged when in or above water. (Stealth+)))
You have tentacles for arms and can constrict up to eight enemies at once.


Message History

You kill the scorpion!
A sleepcap comes into view.
The orc barely misses you.
You swing at nothing.
The orc closely misses you.
You closely miss the orc. You grab the orc. You constrict the orc.
The orc hits you with a +0 dagger.
The orc hits you from afar with a +0 trident.
You bludgeon the orc!
You kill the orc!
The orc closely misses you.
You swing at nothing.
The orc hits you from afar with a +0 trident.
You swing at nothing.
You swing at nothing.
The orc closely misses you.
You swing at nothing.
The orc misses you. The sleepcap attacks as you move away!
The sleepcap barely misses you.
You tentacle-slap the sleepcap but do no damage.
You grab the sleepcap. You constrict the sleepcap.
The sleepcap releases spores at you. The orc barely misses you.
You tentacle-slap the sleepcap but do no damage.
You squeeze the sleepcap!
The sleepcap is moderately damaged.
You constrict the sleepcap. The sleepcap releases spores at you!
You are engulfed in a cloud of soporific spores!
You fall asleep.
You lose your grip on the sleepcap.
The orc barely misses you. The sleepcap releases spores at you!
You wake up.
You are engulfed in a cloud of soporific spores!
You are unaffected.
The orc hits you from afar with a +0 trident!
* * * LOW HITPOINT WARNING * * *
You tentacle-slap the sleepcap. You grab the sleepcap.
You squeeze the sleepcap!
The sleepcap is almost destroyed.
You constrict the sleepcap. The sleepcap releases spores at you.
* * * LOW HITPOINT WARNING * * *
You are engulfed in a cloud of soporific spores!
You are unaffected.
The orc hits you from afar with a +0 trident.
You die...

...#<. #########.#.# #
#........[..# #.
#.######†#.## $ #$ #.#
##.###.# ..###<#
#.####.## ##. .(.....##
#.....## ##
........#########.####.##
##. ..).....).ofh.....#
##.###.#
.$#.....#########.#
##.#... ##...##
#.#######.### ##.#
#............ ...
#.#########<# .... #.#
#.# .... #.# #.# .... #.#
#.# #.#


You could see a sleepcap and an orc.

Vanquished Creatures
  2 ogres (D:4)
  The ghost of randomguy2701 the Conjurer, an amateur OpCj (D:4)
  3 scorpions
  2 electric eels (D:3)
  3 hounds
  An orc priest (D:3)
  2 iguanas (D:4)
  A sleepcap (D:4)
  5 adders
  A worm (D:4)
  5 dart slugs
  5 orcs
  3 bats
  7 endoplasms
  2 giant cockroaches
  7 hobgoblins
  4 quokkas
  3 ball pythons
  2 frilled lizards
  5 goblins
  8 kobolds
  4 rats
76 creatures vanquished.

Notes
Turn   | Place    | Note
-------+----------+-------------------------------------------
     0 | D:1      | LeprechaunX the Octopode Shapeshifter began the quest for
                  | the Orb.
     0 | D:1      | Reached XP level 1. HP: 13/13 MP: 1/1
   233 | D:1      | Reached XP level 2. HP: 18/18 MP: 2/2
   829 | D:2      | Reached XP level 3. HP: 5/23 MP: 3/3
  1778 | D:3      | Reached XP level 4. HP: 29/29 MP: 4/4
  1947 | D:3      | Found a transporter.
  2191 | D:3      | Found a transporter.
  2246 | D:3      | Reached XP level 5. HP: 21/35 MP: 5/5
  2391 | D:3      | Found a faded altar of an unknown god.
  3289 | D:3      | HP: 1/35 [electric eel/bolt of electricity (12)]
  3582 | D:4      | Reached XP level 6. HP: 34/42 MP: 6/6
  3687 | D:4      | Noticed randomguy2701's ghost (amateur OpCj)
  4168 | D:4      | Reached XP level 7. HP: 26/46 MP: 7/7
  4432 | D:4      | Found a runed translucent gate.
  4432 | D:4      | Found a runed translucent gate.
  4432 | D:4      | Found a runed translucent gate.
  4566 | D:4      | Killed randomguy2701's ghost
  4567 | D:4      | HP: 3/70 [ogre/+0 giant club (12)]
  4574 | D:4      | Reached skill level 5 in Unarmed Combat
  4785 | D:5      | Entered Level 5 of the Dungeon
  4809 | D:5      | Reached skill level 5 in Shapeshifting
  4857 | D:5      | Slain by an orc

Illustrated notes

Levels and vault maps discovered:
D:1:      sevenhm_arrival_forest_fort_large_3, layout_loops_ring,
          hangedman_decor_peaks_small
D:2:      layout_loops_corners
D:3:      gammafunk_steamed_eel, layout_basic,
          dilly_ecumenical_altar_fadedgnrine
D:4:      layout_loops_ring, gammafunk_ghost_split
D:5:      layout_loops_ring

Skill      XL: |  1  2  3  4  5  6  7 |
---------------+----------------------+-----
Fighting       | 2 3 4 |  4.0
Dodging        | 3 4 |  4.0
Unarmed Combat | 4 5 |  5.0
Shapeshifting  | 4 5 |  5.4

Action                     |  1- 3 |  4- 6 |  7- 9 || total
---------------------------+-------+-------+-------++-------
  Melee: Unarmed           |    65 |    57 |    39 ||   161
         Constrict         |    18 |    17 |    10 ||    45
         Tentacles         |     8 |    11 |    10 ||    29
         Punch             |     4 |     3 |     1 ||     8
   Fire: Shortbow          |       |    18 |     3 ||    21
  Evoke: Wand              |       |     3 |       ||     3
    Use: Potion            |       |       |     1 ||     1
   Stab: Sleeping          |     9 |     7 |     1 ||    17
 Armour: Skin              |     4 |     2 |     2 ||     8
  Dodge: Dodged            |    36 |    25 |    16 ||    77

Table legend: (Time is in decaauts)
 A = Elapsed time spent in this place.
 B = Non-inter-level travel time spent in this place.
 C = Inter-level travel time spent in this place.
 D = Time resting spent in this place.
 E = Time spent auto-exploring this place.
 F = Levels seen in this place.
 G = Mean time per level.
                   A        B        C        D        E       F      G
               +--------+--------+--------+--------+--------+-----+--------+
         Total |   4849 |   4755 |     94 |   1203 |   2969 |   5 |  969.8 |
       Dungeon |   4849 |   4755 |     94 |   1203 |   2969 |   5 |  969.8 |
               +--------+--------+--------+--------+--------+-----+--------+

Top non-repeatable levels by time:
     D:3: 1824 daAuts
     D:4: 1247 daAuts
     D:2: 888 daAuts
     D:1: 818 daAuts
     D:5: 70 daAuts
